 Dungeon Crawl Stone Soup version 0.24.0-1-gfbc8707 (webtiles) character file.

Game seed: 10700978644741853120, levelgen mode: deterministic

15 Illumine the Conjurer (level 2, -3/20 HPs)
             Began as a Ghoul Conjurer on Oct 28, 2019.
             Slain by a gnoll
             ... wielding a +0 spear
              (4 damage)
             ... on level 1 of the Dungeon.
             The game lasted 00:00:58 (257 turns).

Illumine the Conjurer (Ghoul Conjurer)               Turns: 257, Time: 00:00:59

Health: -3/20      AC:  2    Str: 11    XL:     2   Next: 50%
Magic:  1/4        EV: 12    Int: 10    God:
Gold:   0          SH:  0    Dex:  9    Spells: 4/5 levels left

rFire    . . .     SeeInvis .     - Unarmed
rCold    + . .     Gourm    .   (no shield)
rNeg     + + +     Faith    .   a - +0 robe
rPois    ∞         Spirit   .   (no helmet)
rElec    .         Reflect  .   (no cloak)
rCorr    .         Harm     .   (no gloves)
MR       .....                  (no boots)
Stlth    ++........             (no amulet)
HPRegen  0.00/turn              (no ring)
MPRegen  0.09/turn              (no ring)

@: rotting
A: rotting body, claws 1, carnivore, cold resistance 1, negative energy
resistance 3, inhibited regeneration, torment resistance, unbreathing
a: no special abilities


You were on level 1 of the Dungeon.
You were not hungry.

You visited 1 branch of the dungeon, and saw 1 of its levels.

Inventory:

Armour
 a - a +0 robe (worn)
Potions
 d - a potion of curing {unknown}
Comestibles
 b - a chunk of flesh
 c - 2 rations


   Skills:
 - Level 1.7 Dodging
 - Level 2.1 Stealth
 + Level 1.0 Unarmed Combat
 + Level 2.1 Spellcasting
 + Level 3.4 Conjurations


You had 4 spell levels left.
You knew the following spells:

 Your Spells              Type           Power        Failure   Level  Hunger
a - Magic Dart            Conj           #...         8%          1    ##.....

Your spell library contained the following spells:

 Spells                   Type           Power        Failure   Level  Hunger
 Searing Ray              Conj           #.....       11%         2    ###....
 Dazzling Spray           Conj/Hex       #.....       41%         3    ####...
 Iskenderun's Mystic Bla  Conj           #.......     58%         4    #####..
 Force Lance              Conj/Tloc      #.......     83%         4    #####..
 Fulminant Prism          Conj/Hex       #.........   83%         4    #####..


Dungeon Overview and Level Annotations

Branches:
Dungeon (1/15)

Altars:


Innate Abilities, Weirdness & Mutations

Your body is rotting away.
You thrive on raw meat.
You are immune to poison.
You have sharp fingernails.
You are carnivorous and can eat meat at any time.
Your flesh is cold resistant. (rC+)
You are immune to negative energy. (rN+++)
You do not regenerate when monsters are visible.
You are immune to unholy pain and torment.
You can survive without breathing.


Message History

The gnoll hits you from afar with a +0 spear.
* * * LOW HITPOINT WARNING * * *
The gnoll hits you with a +0 spear.
* * * LOW HITPOINT WARNING * * *
You barely miss the gnoll.
The gnoll is moderately wounded.
The gnoll misses you.
You closely miss the gnoll.
The gnoll is moderately wounded.
The gnoll barely misses you.
You closely miss the gnoll.
The gnoll is moderately wounded.
The gnoll closely misses you.
You completely miss the gnoll.
The gnoll is moderately wounded.
The gnoll barely misses you.
You barely miss the gnoll.
The gnoll is moderately wounded.
The gnoll hits you with a +0 spear.
You die...

≈≈≈≈≈≈≈.....≈≈≈≈≈≈≈≈P.#
.........<...(........#
≈≈≈≈≈≈≈.....≈≈≈≈≈≈≈≈P.#
≈≈≈≈≈≈≈≈...≈≈≈≈≈≈≈≈≈≈.#
≈≈≈≈≈≈≈≈...≈≈≈≈≈≈≈≈≈≈.#
≈≈≈≈≈≈≈P...P≈≈≈≈≈≈≈≈P.#
.....................#
....#.#.#...........##
#####.#.####..@....##
#.#÷## #.g...###
#####....###.....#
............÷....#
#######...##.....#
##....###..# #....#
##.# #....# .# #....#
##


You could see a gnoll.

Vanquished Creatures
  An ooze (D:1)
  A dart slug (D:1)
  A leopard gecko (D:1)
  A hobgoblin (D:1)
  A bat (D:1)
  A frilled lizard (D:1)
  A kobold (D:1)
  3 rats (D:1)
10 creatures vanquished.

Notes
Turn   | Place    | Note
-------+----------+-------------------------------------------
     0 | D:1      | Illumine the Ghoul Conjurer began the quest for the Orb.
     0 | D:1      | Reached XP level 1. HP: 14/14 MP: 2/2
   106 | D:1      | Reached XP level 2. HP: 19/20 MP: 2/4
   135 | D:1      | Reached skill level 1 in Unarmed Combat
   252 | D:1      | HP: 1/20 [gnoll/+0 spear (5)]
   257 | D:1      | Slain by a gnoll

Levels and vault maps discovered:
D:1:      giann_bridges, layout_rooms

Skill      XL: |  1  2 |
---------------+-------+-----
Spellcasting   | 2 |  2.1
Unarmed Combat | 1 |  1.0
Dodging        | |  1.7
Stealth        | |  2.1
Conjurations   | |  3.4

Action                   || total
-------------------------++-------
Melee: Unarmed           ||    39
 Cast: Magic Dart        ||    16
  Eat: Chunk             ||     1
Armor: Robe              ||     3
Dodge: Dodged            ||    29
